Map: Port Aleksander LE

Players

isblueacolor

  • Race: Protoss Protoss
  • League: Diamond
  • Spawn Location: 5:00

A.I. 1 (Hard)

  • Race: Protoss Protoss
  • Spawn Location: 11:00

VOD

Have the link to the VOD?

Description

Time

  • Played on: March 16, 2019, 12:58 a.m.
  • Length: 20:52
Show
View Real Time Build Order
Export as new Build Order

isblueacolor Protoss 

Build Orders: Oracle Opening 

Get SALT Encoding   

  12  0:06  Probe x12  
    0:18  Unknown  
    0:19  Probe  
  13  0:32  Probe  
  14  0:37  Pylon  
  14  0:44  Probe  
  15  0:52  Probe  
  16  0:59  Gateway  
  16  1:00  Probe  
  16  1:10  Probe, Assimilator  
  18  1:19  Assimilator  
  18  1:23  Probe  
  19  1:35  Probe, Gateway  
  20  1:45  Probe  
  20  1:54  Probe, Cybernetics Core  
  22  2:02  Probe  
  22  2:04  Pylon  
  23  2:22  Probe  
  24  2:31  Stalker  
  24  2:32  Stalker  
  24  2:34  Warp Gate  
  28  2:44  Pylon  
  28  2:59  Stargate  
  28  3:01  Stalker  
  30  3:24  Nexus  
  30  3:28  Probe  
  30  3:32  Sentry  
  30  3:33  Oracle  
  35  3:36  Probe  
  34  3:44  Probe  
  38  3:58  Probe  
  39  4:09  Pylon  
  39  4:17  Oracle  
  39  4:27  Probe  
  43  4:33  Robotics Facility  
  43  4:34  Probe  
  44  4:42  Probe x2  
  45  4:52  Shield Battery  
  46  4:54  Probe  
  46  4:55  Protoss Shields Level 3, Zerg Ground Armor Level 3, Terran Infantry Weapons Level 3, Zerg Melee Weapons Level 3, Protoss Air Weapons Level 3, Terran Infantry Armor Level 3, Terran Ship Weapons Level 3, Terran Vehicle Weapons Level 3, Protoss Ground Armor Level 3, Protoss Ground Weapons Level 3, Zerg Flyer Weapons Level 3, Zerg Missile Weapons Level 3, Protoss Air Armor Level 3, Terran Vehicle Armor Level 3, Zerg Flyer Armor Level 3, Terran Ship Armor Level 3  
  47  5:03  Pylon  
  47  5:04  Probe  
  47  5:06  Probe  
  49  5:08  Adept x2  
  53  5:16  Terran Vehicle Weapons Level 2, Protoss Air Weapons Level 2, Zerg Melee Weapons Level 2, Zerg Flyer Weapons Level 2, Protoss Ground Armor Level 2, Zerg Missile Weapons Level 2, Terran Infantry Armor Level 2, Terran Infantry Weapons Level 2, Zerg Flyer Armor Level 2, Protoss Ground Weapons Level 2, Protoss Shields Level 2, Terran Ship Armor Level 2, Protoss Air Armor Level 2, Terran Ship Weapons Level 2, Zerg Ground Armor Level 2, Terran Vehicle Armor Level 2  
  50  5:31  Stimpack, Blink  
  50  5:38  Protoss Shields Level 1, Terran Infantry Armor Level 1, Protoss Ground Armor Level 1, Protoss Air Weapons Level 1, Terran Ship Armor Level 1, Zerg Flyer Armor Level 1, Terran Ship Weapons Level 1, Zerg Ground Armor Level 1, Terran Vehicle Armor Level 1, Protoss Air Armor Level 1, Zerg Flyer Weapons Level 1, Protoss Ground Weapons Level 1, Terran Vehicle Weapons Level 1, Terran Infantry Weapons Level 1, Zerg Missile Weapons Level 1, Zerg Melee Weapons Level 1  
  50  5:43  Shield Battery  
  50  5:44  Probe  
  50  5:45  Probe  
  52  5:52  Neosteel Armor, Resonating Glaives, Extended Thermal Lance, Warp Gate, Charge, Weapon Refit  
  52  5:59  Ventral Sacs, Adrenal Glands  
  48  6:05  Enduring Locusts  
  48  6:06  Personal Cloaking  
  44  6:13  Glial Reconstitution, Combat Shield, Tunneling Claws, Psionic Storm, Chitinous Plating, Infernal Pre-Igniter, Cloaking Field, Neosteel Frame, Durable Materials, Corvid Reactor, Metabolic Boost, Centrifical Hooks, Neural Parasite  
  39  6:21  Burrow, Muscular Augments x2, Stalker x2  
  34  6:35  Pathogen Glands, Gravitic Boosters, Hi-Sec Auto Tracking, Moebius Reactor, Gravitic Drive, Graviton Catapult, Behemoth Reactor, Caduceus Reactor  
  31  6:49  Pneumatized Carapace, Concussive Shells  
  31  6:51  Immortal  
  31  6:52  Stalker x2  
  20  7:32  Unknown x5  
  20  7:36  Probe x12  
    7:48  Unknown  
    7:49  Probe  
  13  8:01  Probe  
  14  8:07  Pylon  
  14  8:13  Probe  
  15  8:21  Probe  
  16  8:28  Gateway  
  16  8:29  Probe  
  17  8:38  Assimilator  
  17  8:39  Probe  
  17  8:47  Assimilator  
  18  8:52  Probe  
  18  9:00  Gateway  
  19  9:04  Probe  
  20  9:14  Probe  
  21  9:18  Cybernetics Core  
  21  9:22  Probe  
  21  9:30  Probe, Pylon  
  23  9:48  Probe  
  24  9:54  Stalker  
  24  9:55  Warp Gate, Sentry  
  28  10:01  Pylon  
  28  10:21  Stalker  
  30  10:28  Stargate  
  30  10:46  Nexus  
  30  10:54  Stalker  
  32  10:57  Probe  
  33  11:05  Shield Battery  
  33  11:08  Oracle  
  33  11:09  Probe  
  37  11:24  Pylon  
  37  11:28  Probe  
  38  11:40  Probe  
  38  11:43  Phoenix  
  42  11:48  Shield Battery  
  42  11:51  Probe  
  42  11:54  Probe  
  42  12:00  Probe  
  43  12:07  Probe  
  44  12:08  Robotics Facility  
  45  12:18  Adept  
  45  12:19  Adept  
  45  12:20  Probe  
  45  12:22  Probe  
  51  12:32  Probe  
  51  12:34  Probe  
  53  12:45  Probe, Forge  
  53  12:46  Probe  
  55  12:52  Pylon  
  55  12:56  Immortal  
  55  12:57  Probe  
  55  12:58  Probe  
  61  13:00  Protoss Ground Weapons Level 1  
  61  13:01  Assimilator  
  61  13:04  Assimilator  
  61  13:09  Pylon  
  61  13:14  Twilight Council  
  61  13:16  Probe x2  
  63  13:28  Probe x2  
  63  13:32  Zealot x2  
  69  13:36  Observer  
  69  13:40  Probe x2, Charge  
  72  13:43  Pylon  
  72  13:58  Templar Archives  
  72  13:59  Pylon  
  72  14:01  Immortal  
  76  14:03  Zealot  
  76  14:06  Zealot  
  80  14:17  Pylon  
  80  14:22  Gateway  
  80  14:23  Gateway  
  80  14:27  Zealot, Sentry  
  84  14:36  Pylon  
  84  14:40  Protoss Ground Weapons Level 2  
  84  14:41  Probe x2, Immortal  
  90  14:50  High Templar x2  
  94  14:58  Gateway  
  94  15:00  Gateway  
  94  15:04  Probe x2  
  96  15:18  High Templar x2, Gateway x2  
  96  15:19  Archon  
  100  15:33  Pylon  
  100  15:37  Nexus  
  100  15:43  Pylon  
  100  15:45  Immortal  
  100  15:47  High Templar  
  100  15:49  Archon  
  106  15:51  Zealot  
  108  16:03  Zealot x4  
  116  16:09  Pylon  
  116  16:11  Pylon  
  116  16:13  Probe, Shield Battery  
  117  16:20  High Templar  
  117  16:21  High Templar  
  117  16:22  High Templar  
  117  16:23  Zealot  
  125  16:28  Warp Prism  
  127  16:33  Probe x2  
  129  16:45  Probe x2  
  129  16:46  Zealot x3  
  137  16:48  Probe  
  137  16:49  Pylon  
  138  16:55  Pylon  
  138  16:57  Probe  
  139  17:04  High Templar x3  
  139  17:06  Zealot  
  139  17:07  Archon  
  139  17:08  Archon  
  147  17:10  Archon  
  147  17:12  Zealot  
  147  17:13  Zealot x2  
  153  17:19  Assimilator  
  153  17:21  Assimilator  
  153  17:24  Pylon x2  
  153  17:26  Probe x2  
  153  17:27  Probe  
  156  17:34  High Templar x2  
  160  17:38  Pylon  
  160  17:39  Pylon  
  160  17:41  Archon  
  160  17:45  High Templar  
  162  17:54  Photon Cannon  
  162  17:58  Photon Cannon  
  162  18:00  Probe  
  162  18:01  Probe x2  
  162  18:03  Photon Cannon  
  162  18:04  Archon  
  165  18:13  Zealot x2  
  165  18:14  Zealot x2, Photon Cannon  
  165  18:17  Photon Cannon  
  165  18:18  High Templar x2  
Show
View Real Time Build Order
Export as new Build Order

A.I. 1 (Hard) Protoss 

Build Orders:  

Get SALT Encoding   

  12  0:06  Probe x12  
    0:18  Unknown  
    0:21  Probe  
  13  0:33  Probe  
  14  0:40  Pylon  
  14  0:45  Probe  
  15  0:55  Probe  
  15  1:03  Probe  
  16  1:11  Probe  
  18  1:24  Nexus  
  18  1:35  Gateway  
  18  1:39  Assimilator  
  18  1:47  Probe  
  18  1:48  Pylon  
  19  2:08  Probe  
  20  2:16  Zealot  
  20  2:25  Cybernetics Core  
  20  2:27  Gateway  
  22  2:33  Assimilator  
  22  2:42  Zealot  
  24  2:58  Warp Gate  
  24  3:08  Stalker  
  24  3:09  Adept  
  28  3:29  Stalker  
  28  3:30  Probe  
  29  3:34  Probe  
  32  3:42  Probe  
  32  3:44  Stalker  
  32  3:47  Probe  
  36  3:49  Pylon  
  36  3:55  Probe  
  37  3:59  Probe, Stalker  
  40  4:10  Forge  
  40  4:14  Stalker  
  42  4:55  Protoss Shields Level 3, Zerg Ground Armor Level 3, Terran Infantry Weapons Level 3, Zerg Melee Weapons Level 3, Protoss Air Weapons Level 3, Terran Infantry Armor Level 3, Terran Ship Weapons Level 3, Terran Vehicle Weapons Level 3, Protoss Ground Armor Level 3, Protoss Ground Weapons Level 3, Zerg Flyer Weapons Level 3, Zerg Missile Weapons Level 3, Protoss Air Armor Level 3, Terran Vehicle Armor Level 3, Zerg Flyer Armor Level 3, Terran Ship Armor Level 3  
  42  5:09  Protoss Ground Weapons Level 1  
  42  5:15  Sentry  
  42  5:16  Terran Vehicle Weapons Level 2, Protoss Air Weapons Level 2, Zerg Melee Weapons Level 2, Zerg Flyer Weapons Level 2, Protoss Ground Armor Level 2, Zerg Missile Weapons Level 2, Terran Infantry Armor Level 2, Terran Infantry Weapons Level 2, Zerg Flyer Armor Level 2, Protoss Ground Weapons Level 2, Protoss Shields Level 2, Terran Ship Armor Level 2, Protoss Air Armor Level 2, Terran Ship Weapons Level 2, Zerg Ground Armor Level 2, Terran Vehicle Armor Level 2  
  42  5:17  Gateway  
  44  5:21  Pylon  
  44  5:24  Pylon  
  44  5:25  Sentry  
  46  5:31  Stimpack, Blink  
  46  5:35  Zealot  
  46  5:38  Protoss Shields Level 1, Terran Infantry Armor Level 1, Protoss Ground Armor Level 1, Protoss Air Weapons Level 1, Terran Ship Armor Level 1, Zerg Flyer Armor Level 1, Terran Ship Weapons Level 1, Zerg Ground Armor Level 1, Terran Vehicle Armor Level 1, Protoss Air Armor Level 1, Zerg Flyer Weapons Level 1, Protoss Ground Weapons Level 1, Terran Vehicle Weapons Level 1, Terran Infantry Weapons Level 1, Zerg Missile Weapons Level 1, Zerg Melee Weapons Level 1  
  48  5:43  Robotics Facility  
  48  5:44  Photon Cannon  
  48  5:47  Adept  
  50  5:52  Neosteel Armor, Resonating Glaives, Extended Thermal Lance, Warp Gate, Charge, Weapon Refit  
  50  5:56  Photon Cannon  
  50  5:57  Zealot  
  50  5:59  Ventral Sacs, Adrenal Glands  
  50  6:05  Enduring Locusts  
  50  6:06  Personal Cloaking  
  50  6:07  Sentry  
  52  6:13  Glial Reconstitution, Combat Shield, Tunneling Claws, Psionic Storm, Chitinous Plating, Infernal Pre-Igniter, Cloaking Field, Neosteel Frame, Durable Materials, Corvid Reactor, Metabolic Boost, Centrifical Hooks, Neural Parasite  
  52  6:17  Sentry  
  54  6:21  Burrow, Muscular Augments x2  
  54  6:25  Observer, Forge  
  55  6:35  Pathogen Glands, Gravitic Boosters, Hi-Sec Auto Tracking, Moebius Reactor, Gravitic Drive, Graviton Catapult, Behemoth Reactor, Caduceus Reactor  
  55  6:43  Observer  
  55  6:45  Nexus, Stargate  
  56  6:49  Pneumatized Carapace, Concussive Shells  
  56  7:02  Twilight Council  
  56  7:32  Unknown x5  
  56  7:36  Probe x12  
    7:48  Unknown  
    7:50  Probe  
  13  8:07  Pylon  
  13  8:44  Nexus  
  13  8:58  Gateway  
  13  9:13  Forge  
  13  9:49  Cybernetics Core  
  13  10:22  Assimilator  
  13  10:41  Assimilator  
  13  10:45  Pylon  
  13  10:47  Probe  
  13  10:50  Probe  
  13  10:55  Probe  
  15  11:00  Pylon  
  16  11:06  Probe  
  17  11:14  Probe  
  17  11:18  Twilight Council  
  18  11:22  Probe  
  19  11:28  Probe  
  20  11:35  Probe  
  20  11:37  Gateway  
  21  11:52  Probe  
  21  11:57  Dark Shrine  
  22  12:01  Probe  
  22  12:02  Probe  
  24  12:11  Probe  
  25  12:15  Probe  
  26  12:27  Gateway  
  26  12:53  Robotics Facility  
  26  13:01  Dark Templar  
  28  13:18  Stalker, Gateway  
  30  13:25  Zealot  
  32  13:27  Stargate  
  32  13:35  Dark Templar  
  34  13:43  Observer  
  35  13:59  Robotics Facility  
  35  14:28  Stargate  
  35  14:40  Observer  
  36  14:46  Stalker  
  36  14:50  Stalker  
  40  15:10  Sentry  
  42  15:51  Photon Cannon  
  42  15:54  Robotics Bay  
  42  15:57  Pylon  
  42  16:05  Warp Prism x2  
  45  16:26  Photon Cannon  
  45  16:35  Zealot  
  47  16:40  Warp Prism  
  47  16:41  Observer  
  47  16:44  Pylon  
  50  16:51  Colossus  
  50  17:07  Immortal  
  50  17:08  Adept  
  58  17:12  Pylon  
  58  17:18  Zealot  
  64  17:23  Zealot, Archon  
  64  17:28  Dark Templar  
  68  17:46  Dark Templar  
  70  17:52  Pylon  
  73  18:29  Archon  
Tags
 
Add a new tag
Caveats
  • Supply blocks, unpowered buildings, or Contaminate may cause inaccurate times.
  • Supply counts are checked every 10 seconds.